Map: Eternal Empire LE

Players

prospeKt - Winner!

  • Race: Zerg Zerg
  • League: Platinum
  • Spawn Location: 7:00

Erdbeere

  • Race: Terran Terran
  • League: Diamond
  • Spawn Location: 1:00

VOD

Have the link to the VOD?

Description

Time

  • Played on: June 3, 2020, 8:21 a.m.
  • Length: 14:08
Show
View Real Time Build Order
Export as new Build Order

prospeKt Zerg - Winner!

Build Orders: Hatch First 

Get SALT Encoding   

  12  0:01  Drone  
  13  0:12  Overlord  
  13  0:19  Drone  
  14  0:31  Drone x2  
  14  0:35  Drone  
  17  0:52  Hatchery  
  17  0:56  Drone  
  17  1:00  Drone  
  18  1:14  Spawning Pool  
  18  1:16  Drone  
  18  1:19  Drone  
  18  1:24  Extractor  
  18  1:28  Drone  
  19  1:42  Drone  
  20  1:50  Drone  
  21  2:00  Overlord  
  21  2:04  Queen x2  
  21  2:05  Drone  
  26  2:13  Drone  
  28  2:22  Drone  
  28  2:23  Drone  
  28  2:27  Drone  
  30  2:34  Overlord  
  30  2:37  Drone  
  30  2:43  Queen  
  33  2:48  Drone x2  
  35  2:57  Drone  
  36  3:01  Drone  
  38  3:05  Drone  
  38  3:12  Roach Warren  
  37  3:14  Drone  
  37  3:15  Evolution Chamber  
  37  3:19  Lair  
  37  3:24  Drone x7  
  44  3:30  Extractor  
  44  3:32  Extractor  
  42  3:36  Overlord  
  42  3:40  Hatchery  
  41  3:45  Drone x2  
  47  3:55  Roach x2  
  47  3:56  Roach x2  
  47  3:58  Drone  
  47  3:59  Overlord  
  47  4:01  Overlord  
  52  4:22  Roach x2  
  52  4:23  Roach  
  58  4:25  Drone x2  
  58  4:31  Drone  
  61  4:36  Glial Reconstitution  
  61  4:37  Zerg Missile Weapons Level 1  
  61  4:39  Drone x6  
  61  4:41  Overlord  
  67  4:55  Overlord x2  
  67  4:56  Drone x2  
  69  5:03  Extractor  
  69  5:04  Extractor  
  67  5:14  Drone x9  
  67  5:21  Drone  
  77  5:32  Drone x3  
  80  5:46  Drone  
  80  5:47  Drone x7  
  88  5:55  Overlord  
  88  6:01  Overseer  
  88  6:09  Drone x6  
  94  6:15  Drone  
  94  6:16  Drone  
  96  6:22  Hatchery  
  95  6:27  Spore Crawler  
  94  6:35  Spine Crawler, Extractor  
  94  6:37  Spore Crawler  
  94  6:39  Drone  
  92  6:40  Drone x7  
  92  6:42  Spine Crawler  
  92  6:43  Hatchery  
  92  6:44  Hydralisk Den  
  96  6:47  Evolution Chamber  
  95  7:00  Drone x2  
  95  7:01  Drone x6  
  102  7:02  Drone  
  104  7:15  Overlord  
  104  7:16  Overlord x6  
  104  7:19  Overseer  
  104  7:43  Hydralisk x7  
  104  7:44  Hydralisk  
  120  7:52  Spore Crawler  
  120  7:58  Spine Crawler  
  118  8:01  Hydralisk x7  
  118  8:02  Hydralisk  
  134  8:23  Hydralisk x3  
  134  8:24  Hydralisk x11  
  134  8:26  Overlord x2  
  162  8:31  Zerg Missile Weapons Level 2  
  162  8:32  Zerg Ground Armor Level 1  
  162  8:34  Grooved Spines  
  162  8:43  Drone x2  
  162  8:44  Hydralisk  
  162  8:45  Hydralisk x8  
  162  8:47  Overlord x2  
  162  8:48  Overlord x2  
  182  8:49  Overlord  
  182  9:01  Overlord x4  
  182  9:11  Hydralisk x4  
  182  9:12  Hydralisk x5  
  200  9:20  Spore Crawler  
  199  9:25  Spine Crawler  
  199  9:26  Drone, Extractor  
  199  9:27  Drone x2  
  199  9:30  Drone, Extractor  
  200  9:45  Muscular Augments  
  200  10:07  Hatchery x2  
  191  10:09  Hydralisk x8  
  191  10:10  Infestation Pit, Hydralisk x2  
  191  10:12  Drone  
  166  10:29  Hydralisk x10  
  170  10:46  Hydralisk x9  
  170  10:47  Hydralisk x3  
  188  10:52  Extractor  
  188  10:53  Spore Crawler  
  188  10:55  Extractor  
  188  10:56  Spine Crawler, Drone x3  
  187  10:59  Spine Crawler  
  186  11:09  Drone x4  
  190  11:13  Drone x2  
  190  11:14  Hydralisk x4  
  190  11:16  Spine Crawler  
  190  11:18  Spine Crawler  
  166  11:35  Hydralisk x12  
  190  11:52  Hatchery  
  189  12:00  Hatchery  
  189  12:01  Hydralisk x6  
  188  12:06  Hive  
  194  12:47  Hydralisk x3  
  200  12:55  Spire  
  199  13:01  Hatchery  
  199  13:05  Hatchery  
  193  13:07  Drone x3  
  193  13:08  Drone  
  193  13:10  Drone  
  193  13:12  Hatchery  
  149  13:36  Hydralisk  
  149  13:37  Hydralisk x24  
  195  13:53  Spire  
  195  13:54  Drone x2  
Show
View Real Time Build Order
Export as new Build Order

Erdbeere Terran 

Build Orders: Mech 

Get SALT Encoding   

  12  0:01  SCV  
  13  0:13  SCV  
  14  0:17  Supply Depot  
  14  0:25  SCV  
  15  0:39  SCV  
  15  0:40  Barracks  
  16  0:55  SCV, Refinery  
  17  1:07  SCV  
  18  1:27  SCV  
  19  1:37  Reaper  
  19  1:38  Bunker  
  19  1:39  SCV  
  21  1:45  Refinery  
  21  1:47  Supply Depot  
  21  1:51  SCV  
  22  2:03  SCV  
  23  2:14  Command Center  
  23  2:15  SCV  
  24  2:18  Marine  
  25  2:31  SCV  
  26  2:38  Marine  
  26  2:40  Factory  
  27  3:08  Marine  
  27  3:10  SCV  
  29  3:22  SCV  
  29  3:26  Marine  
  31  3:28  Supply Depot  
  31  3:30  Supply Depot, Orbital Command  
  31  3:36  Starport  
  31  3:38  Orbital Command  
  31  3:49  Barracks Tech Lab  
  31  3:50  Factory Tech Lab  
  31  4:00  SCV  
  32  4:05  SCV  
  33  4:12  SCV  
  34  4:21  Siege Tank  
  34  4:23  Command Center  
  37  4:25  Starport Reactor  
  37  4:28  Factory  
  37  4:32  SCV x2  
  39  4:40  Refinery  
  39  4:44  SCV x2  
  41  4:51  Refinery  
  41  4:56  SCV x2  
  43  5:14  Factory  
  43  5:16  Factory Tech Lab  
  43  5:17  Viking x2  
  43  5:19  Siege Tank  
  50  5:39  Siege Tank  
  50  5:41  SCV x2  
  50  5:42  SCV  
  56  5:51  Engineering Bay  
  56  5:53  SCV  
  56  5:54  SCV x2  
  59  5:59  Armory  
  59  6:05  SCV  
  59  6:06  SCV x2  
  59  6:08  Siege Tank  
  65  6:17  SCV  
  65  6:18  SCV x2  
  68  6:41  SCV x3  
  71  6:48  Terran Vehicle Weapons Level 1, Armory  
  71  6:50  Viking  
  71  6:51  Viking  
  71  6:53  SCV x2  
  77  7:04  Supply Depot  
  77  7:06  Supply Depot  
  77  7:07  Supply Depot x2  
  77  7:09  SCV, Planetary Fortress  
  77  7:19  Command Center  
  77  7:23  Factory  
  77  7:26  SCV, Siege Tank x2  
  77  7:27  Siege Tank  
  87  7:42  SCV x2  
  89  7:47  Terran Vehicle And Ship Armor Level 1  
  89  7:54  SCV x2  
  91  8:03  Supply Depot  
  91  8:04  Supply Depot  
  91  8:05  Supply Depot  
  91  8:06  SCV x2  
  91  8:08  Factory Tech Lab  
  91  8:12  Starport  
  93  8:14  Command Center  
  93  8:17  Fusion Core  
  93  8:18  SCV  
  94  8:21  Refinery  
  94  8:22  Refinery  
  90  8:57  Liberator x2  
  90  9:01  Siege Tank x2  
  98  9:30  Missile Turret  
  98  9:31  Planetary Fortress  
  98  9:36  Orbital Command  
  98  9:40  Liberator x2  
  98  9:41  Command Center  
  98  10:11  Thor x2  
  98  10:12  Thor x2  
  112  11:02  Refinery  
  112  11:04  Command Center  
  112  11:07  Refinery  
  112  11:14  Supply Depot  
  112  11:15  Supply Depot  
  112  11:20  Supply Depot  
  107  11:27  Thor  
  106  11:57  Command Center  
  106  12:16  Command Center  
  106  12:17  Supply Depot  
  106  12:18  Supply Depot  
  106  12:19  Supply Depot  
  105  12:35  Command Center  
  105  12:39  Thor x2, Siege Tank  
  105  12:40  Siege Tank  
  123  12:54  Liberator x2  
  129  13:11  SCV  
  129  13:12  SCV  
Tags
 
Composition
Mech
Matchup
TvZ
Spawn Locations
Cross Positions
Add a new tag
Caveats
  • Supply blocks, unpowered buildings, or Contaminate may cause inaccurate times.
  • Supply counts are checked every 10 seconds.